 Dungeon Crawl Stone Soup version 0.31.0-9-g3a7656b989 (webtiles) character file.

Game seed: 8306852871339933270

596 qw the Ducker (level 7, -3/35 HPs)
             Began as a Spriggan Hunter on Feb 2, 2024.
             Killed by divine providence
             ... invoked by an orc priest
              (13 damage)
             ... on level 5 of the Dungeon.
             The game lasted 00:00:13 (3145 turns).

qw the Ducker (Spriggan Hunter)                     Turns: 3145, Time: 00:00:13

Health: -3/35      AC:  2    Str:  7    XL:     7   Next: 17%
Magic:  8/8        EV: 23    Int: 10    God:
Gold:   2          SH:  0    Dex: 21    Spells: 6/6 levels left

rFire   . . .        a - +0 shortbow
rCold   . . .        (shield currently unavailable)
rNeg    . . .        c - +0 robe
rPois   +            (helmet restricted)
rElec   .            f - scarf {repulsion}
rCorr   .            (gloves unavailable)
SInv    +            (boots unavailable)
Will    +....        (no amulet)
Stlth   ++           e - ring of poison resistance
HPRegen 0.25/turn    (no ring)
MPRegen 0.11/turn

%: repel missiles
@: very quick
A: very small, no large weapons, unfitting armour, see invisible, speed 3
a: no special abilities


You were on level 5 of the Dungeon.
You visited 1 branch of the dungeon, and saw 5 of its levels.

You collected 226 gold pieces.
You spent 224 gold pieces at shops.


Innate Abilities, Weirdness & Mutations

You are very small and have problems with some larger weapons.
You are too small for most types of armour.
You have supernaturally acute eyesight. (SInv)
You cover ground extremely quickly. (Speed+++)


   Skills:
 - Level 2.2 Fighting
 + Level 6.5 Ranged Weapons
 - Level 7.5 Dodging
 - Level 1.5 Stealth


You had 6 spell levels left.
You didn't know any spells.
Your spell library was empty.

Inventory:

Hand Weapons
 a - a +0 shortbow (weapon)
Armour
 c - a +0 robe (worn)
 f - a scarf of repulsion (worn)
Jewellery
 e - a ring of poison resistance (left hand)
Wands
 b - a wand of charming (8)
Scrolls
 l - a scroll of fog {unknown}
Potions
 d - 2 potions of resistance
 g - a potion of invisibility {unknown}
 h - a potion of enlightenment
 i - a potion of might
 j - 3 potions of curing
 k - a potion of heal wounds

Dungeon Overview and Level Annotations

Branches:
Dungeon (5/15)
 Temple: D:4-7

Altars:
Dithmenos
Ru

Shops:
D:4 !


Message History

HP restored.
l - a scroll labelled WEGAZU XOAPINI
Enter note:
Enter note: An orc comes into view. It is wielding a +0 flail.
The orc shouts!
You shoot an arrow.
The arrow hits the orc but does no damage.
You shoot an arrow. The arrow hits the orc!
You kill the orc!
An orc comes into view. It is wielding a +0 war axe.
The orc shouts!
You shoot an arrow.
The arrow hits the orc but does no damage.
An orc priest comes into view. It is wielding a +0 short sword.
You shoot an arrow. The arrow hits the orc.
The orc is almost dead.
An orc priest comes into view. It is wielding a +0 morningstar.
You shoot an arrow. The orc priest shouts!
The arrow hits the orc priest but does no damage.
The orc priest invokes the aid of Beogh against you.
Beogh smites you!
You shoot an arrow. The arrow barely misses the orc.
The orc priest invokes the aid of Beogh against you.
Beogh smites you!
The orc priest casts a cantrip, but nothing happens.
The orc completely misses you.
3144 ||| DRINKING 2 potions of heal wounds.
You feel much better.
The orc priest calls upon Beogh to heal the orc.
The orc's wounds heal themselves!
The orc barely misses you.
A phantom comes into view.
You shoot an arrow. The arrow hits the orc.
The orc is lightly wounded.
The orc priest calls down the wrath of Beogh upon you.
Beogh smites you!
The orc priest calls down the wrath of Beogh upon you.
Beogh smites you!
You die...

############
#..........#
###.###......#
#.#...#......# .
#.###.#......#
....#####.....#......###
.......@......+.........
....##o##.#...#.........
. #..).....#.....#...
......#..#.....#.#.
..........#.....#...
o...###..........#...


Wo... ....#.....##... #.#### .#.#.#### #... ##. You could see a phantom, 2 orc
priests and an orc.

Vanquished Creatures
  Grinder (D:3)
  A black bear (D:4)
  A hound (D:4)
  A sleepcap (D:5)
  2 orc wizards (D:4)
  Robin (D:3)
  7 adders
  A river rat (D:4)
  5 ribbon worms (D:4)
  4 dart slugs
  7 orcs
  7 endoplasms
  4 giant cockroaches
  12 goblins
  11 hobgoblins
  4 jackals (D:3)
  2 quokkas
  3 ball pythons
  6 bats
  A frilled lizard (D:2)
  8 kobolds
  7 rats
96 creatures vanquished.

Notes
Turn   | Place    | Note
-------+----------+-------------------------------------------
     0 | D:1      | qw the Spriggan Hunter began the quest for the Orb.
     0 | D:1      | Reached XP level 1. HP: 10/10 MP: 2/2
     0 | D:1      | 0 ||| qw: Version: 0.3-a-155-g5e7d8dd
     0 | D:1      | 0 ||| qw: Game counter: 584
     0 | D:1      | 0 ||| qw: Melee chars always use a shield: true
     0 | D:1      | 0 ||| qw: God list: Okawaru
     0 | D:1      | 0 ||| qw: Allow faded altars: false
     0 | D:1      | 0 ||| qw: Do Orc after clearing Dungeon:15 true
     0 | D:1      | 0 ||| qw: Do second Lair branch before Depths: true
     0 | D:1      | 0 ||| qw: Lair rune preference: random
     0 | D:1      | 0 ||| qw: Goals: Normal
     0 | D:1      | 0 ||| PLANNING D:1-11
   125 | D:1      | Reached skill level 3 in Dodging
   156 | D:1      | Reached XP level 2. HP: 14/14 MP: 3/3
   192 | D:1      | Reached skill level 4 in Dodging
   353 | D:1      | 353 ||| READING 2 scrolls labelled APSEPP XUMM.
   353 | D:1      | 353 ||| IDENTIFYING orange potion
   354 | D:1      | 354 ||| READING scroll of identify.
   354 | D:1      | 354 ||| IDENTIFYING scroll labelled JUNILI DIOMP
   355 | D:1      | 355 ||| READING scroll labelled VIUHUESTRAW.
   382 | D:1      | 382 ||| READING scroll labelled RYG WIZYFAT.
   383 | D:1      | 383 ||| READING scroll labelled PEVINIH GAFOIR.
   387 | D:1      | 387 ||| DROPPING scroll of butterflies.
   388 | D:1      | 388 ||| DROPPING scroll of revelation.
   434 | D:2      | HP: 3/14 [poisoned by an adder]
   437 | D:2      | 437 ||| FLEEEEING.
   454 | D:2      | 454 ||| FLEEEEING.
   498 | D:2      | Reached XP level 3. HP: 18/18 MP: 4/4
  1106 | D:2      | 1106 ||| UPGRADING to ring of poison resistance.
  1107 | D:2      | 1107 ||| READING 2 scrolls of identify.
  1107 | D:2      | 1107 ||| IDENTIFYING golden potion
  1108 | D:2      | 1108 ||| READING scroll of identify.
  1108 | D:2      | 1108 ||| IDENTIFYING 2 metallic black potions
  1109 | D:2      | 1109 ||| READING scroll labelled GUSTEA JARPHISEOMU.
  1109 | D:2      | 1109 ||| ENCHANTING +0 shortbow.
  1110 | D:2      | 1110 ||| DRINKING 3 fuming emerald potions.
  1111 | D:2      | 1111 ||| DROPPING 2 potions of degeneration.
  1232 | D:3      | Noticed Robin
  1245 | D:3      | Killed Robin
  1246 | D:3      | Reached XP level 4. HP: 14/22 MP: 5/5
  1329 | D:3      | Found a faded altar of an unknown god.
  1570 | D:3      | Noticed Grinder
  1579 | D:3      | 1579 ||| FLEEEEING.
  1581 | D:3      | 1581 ||| FLEEEEING.
  1582 | D:3      | 1582 ||| FLEEEEING.
  1599 | D:3      | Paralysed by Grinder for 3 turns
  1606 | D:3      | Killed Grinder
  1607 | D:3      | Reached skill level 7 in Dodging
  1607 | D:3      | Reached XP level 5. HP: 13/25 MP: 6/6
  1607 | D:3      | Reached XP level 6. HP: 16/30 MP: 7/7
  1710 | D:3      | Identified the +0 pair of boots "Loarhahy" {rF+ Str+2 Int+4
                  | Dex-5}
  2063 | D:3      | 2063 ||| UPGRADING to scarf of repulsion.
  2068 | D:3      | 2068 ||| DRINKING 2 silvery potions.
  2096 | D:4      | 2096 ||| PLANNING SEWER
  2392 | D:4      | Found a sacrificial altar of Ru.
  2442 | D:4      | Found a shadowy altar of Dithmenos.
  2483 | D:4      | Found Tiot's Distillery.
  2486 | D:4      | 2486 ||| BUYING potion of curing (42 gold).
  2486 | D:4      | Bought a potion of curing for 42 gold pieces
  2486 | D:4      | 2486 ||| BUYING potion of curing (42 gold).
  2486 | D:4      | Bought a potion of curing for 42 gold pieces
  2486 | D:4      | 2486 ||| BUYING potion of heal wounds (70 gold).
  2486 | D:4      | Bought a potion of heal wounds for 70 gold pieces
  2486 | D:4      | 2486 ||| BUYING potion of heal wounds (70 gold).
  2486 | D:4      | Bought a potion of heal wounds for 70 gold pieces
  2486 | D:4      | 2486 ||| SHOPLISTING potion of might (56 gold, have 2).
  2486 | D:4      | 2486 ||| SHOPLISTING potion of mutation (112 gold, have 2).
  2629 | D:4      | HP: 7/30 [black bear (1)]
  2630 | D:4      | 2630 ||| DRINKING 3 potions of heal wounds.
  2632 | D:4      | 2632 ||| RETREEEEATING.
  2634 | D:4      | Reached skill level 6 in Ranged Weapons
  2641 | D:4      | Reached XP level 7. HP: 23/35 MP: 8/8
  2865 | D:4      | Found a glowing drain.
  2866 | D:4      | 2866 ||| READING 3 scrolls labelled ANEYTE VETUONEDA.
  2867 | D:4      | 2867 ||| DROPPING 2 scrolls of fear.
  2874 | D:4      | 2874 ||| RIP SEWER
  2874 | D:4      | 2874 ||| PLANNING D:1-11
  2941 | D:5      | Entered Level 5 of the Dungeon
  2942 | D:5      | 2942 ||| STAIRDANCE
  3143 | D:5      | HP: 5/35 [orc priest/divine providence (16)]
  3144 | D:5      | 3144 ||| DRINKING 2 potions of heal wounds.
  3145 | D:5      | Killed from afar by an orc priest

Levels and vault maps discovered:
D:1:      tarquinn_simple_flora_water_d, layout_rooms
D:2:      layout_loops_ring, nrook_mini_backslash, minmay_misc_feat_cross,
          serial_park_tiny_2
D:3:      layout_loops_corners, ebering_ecumenical_altar_sacrificial,
          uniq_robin, uniq_grinder
D:4:      layout_cave_pools, nicolae_ru_sacrificial_ziggurat,
          nicolae_dithmenos_through_a_glass_darkly, serial_shops,
          kennysheep_mini, lightli_sewer_entry_pipes, minmay_misc_feat_hallway,
          minmay_misc_feat_room, minmay_cut_off
D:5:      layout_basic, minmay_temple_entry_hall, nicolae_nh_oracle_at_delphi,
          uniq_crazy_yiuf_cottage

Skill      XL: |  1  2  3  4  5  6 |
---------------+-------------------+-----
Dodging        | 3 4 7 |  7.5
Ranged Weapons | 5 6 |  6.5
Fighting       | 2 |  2.2
Stealth        | |  1.5

Action                     |  1- 3 |  4- 6 |  7- 9 || total
---------------------------+-------+-------+-------++-------
   Fire: Shortbow          |    99 |   170 |    46 ||   315
    Use: Scroll            |     8 |       |     1 ||     9
         Potion            |     1 |     2 |     1 ||     4
 Armour: Robe              |    11 |    35 |     5 ||    51
  Dodge: Dodged            |    29 |   120 |    21 ||   170
         Repelled          |       |     1 |       ||     1

Table legend:
 A = Non-vault XP
 B = Vault XP
 C = Vault XP percentage of total XP
 D = Non-vault monster count
 E = Vault monster count
 F = Vault count percentage of total count
                 A         B        C        D         E       F
            +---------+---------+-------+---------+---------+-------
      Total |     293 |     559 |  65.6 |      73 |      23 |  24.0
            +---------+---------+-------+---------+---------+-------
        D:1 |      26 |       0 |   0.0 |      14 |       0 |   0.0
        D:2 |      50 |       0 |   0.0 |      19 |       0 |   0.0
        D:3 |      30 |     320 |  91.4 |      14 |      12 |  46.2
        D:4 |     144 |     239 |  62.4 |      24 |      11 |  31.4
        D:5 |      43 |       0 |   0.0 |       2 |       0 |   0.0
            +---------+---------+-------+---------+---------+-------
